 Dungeon Crawl Stone Soup version 0.27.1-3-gb3d3a73c9e (webtiles) character file.

Game seed: 17967259866915602896

341 Atelerd the Firebug (level 6, 0/36 HPs)
             Began as an Octopode Fire Elementalist on Oct 10, 2021.
             Was an Initiate of Sif Muna.
             Slain by an iguana (4 damage)
             ... on level 4 of the Dungeon.
             The game lasted 00:03:50 (5432 turns).

Atelerd the Firebug (Octopode Fire Elementalist)    Turns: 5432, Time: 00:03:50

Health: 0/36       AC:  1    Str:  7    XL:     6   Next: 56%
Magic:  1/11       EV: 13    Int: 19    God:    Sif Muna [......]
Gold:   200        SH:  0    Dex: 13    Spells: 11/12 levels left

rFire    . . .     SeeInvis .   d - +0 short sword
rCold    . . .     Faith    .   (no shield)
rNeg     . . .     Spirit   .   (helmet restricted)
rPois    .         Reflect  .   (no amulet)
rElec    .         Harm     .   (no ring)
rCorr    .         Rampage  .   (no ring)
Will     .....                  (no ring)
Stlth    +++.......             (no ring)
HPRegen  0.12/turn              (no ring)
MPRegen  0.12/turn              (no ring)
                                (no ring)
                                (no ring)

@: lethally poisoned (0 -> -9)
A: almost no armour, amphibious, 8 rings, camouflage 1, gelatinous body 1,
(nimble swimmer 1), tentacles
a: Renounce Religion


You were on level 4 of the Dungeon.
You worshipped Sif Muna.
Sif Muna was noncommittal.
You visited 2 branches of the dungeon, and saw 5 of its levels.

You collected 200 gold pieces.

Inventory:

Hand Weapons
 d - a +0 short sword (weapon)
Scrolls
 b - 4 scrolls of teleportation {unknown}
 c - a scroll of enchant armour {unknown}
 f - a scroll of torment {unknown}
 g - 2 scrolls of fog
 j - a scroll of acquirement {unknown}
 m - a scroll of identify {unknown}
 n - a scroll of amnesia {unknown}
Potions
 a - a potion of brilliance {unknown}
 e - 4 potions of curing {unknown}
 h - 2 potions of heal wounds {unknown}
 i - a potion of lignification {unknown}
 k - a potion of might {unknown}
 l - 2 potions of flight {unknown}


   Skills:
 - Level 2.0 Dodging
 - Level 2.6 Stealth
 + Level 3.9 Spellcasting
 + Level 3.7 Conjurations
 + Level 4.7 Fire Magic


You had 11 spell levels left.
You knew the following spells:

 Your Spells              Type           Power      Damage    Failure   Level
a - Foxfire               Conj/Fire      76%        2x1d7     2%          1

Your spell library contained the following spells:

 Spells                   Type           Power      Damage    Failure   Level
 Conjure Flame            Conj/Fire      19%        6-21      8%          3
 Animate Skeleton         Necr           6%         N/A       14%         1
 Pain                     Necr           12%        1d4       14%         1
 Inner Flame              Hex/Fire       12%        N/A       16%         3
 Sticky Flame             Conj/Fire      19%        2d4       24%         4
 Ozocubu's Armour         Ice            3%         N/A       38%         3
 Vampiric Draining        Necr           1%         2d6       38%         3
 Fireball                 Conj/Fire      9%         3d6       56%         5
 Ozocubu's Refrigeration  Ice            1%         4d5       100%        7


Dungeon Overview and Level Annotations

Branches:
Dungeon (4/15)             Temple (1/1) D:4

Altars:
Ashenzari
Cheibriados
Dithmenos
Fedhas
Gozag
Hepliaklqana
Kikubaaqudgha
Makhleb
Nemelex Xobeh
Okawaru
Qazlal
Ru
Sif Muna
Trog
Uskayaw
Wu Jian
Xom
Yredelemnul
Zin
The Shining One

Shops:
D:4 [


Innate Abilities, Weirdness & Mutations

You cannot wear most types of armour.
You are amphibious.
You can wear up to eight rings at the same time.
Your skin changes colour to match your surroundings (Stealth+).
Your rubbery body absorbs attacks. (AC +1, EV +1)
((You are camouflaged near water. (Stealth+)))
You have tentacles for arms and can constrict up to eight enemies at once.


Message History

The foxfire hits the iguana.
The iguana is moderately wounded.
The scorpion barely misses you. The iguana closely misses you.
The scorpion completely misses you.
You conjure some foxfire!
The foxfire hits the iguana but does no damage.
The iguana is moderately wounded.
The foxfire hits the iguana but does no damage.
The iguana is moderately wounded.
The iguana bites you. The scorpion closely misses you.
Unknown command.
You conjure some foxfire!
The foxfire hits the scorpion.
The scorpion is moderately wounded.
The foxfire hits the scorpion.
The scorpion is moderately wounded.
The iguana misses you. The scorpion misses you.
You conjure some foxfire!
The foxfire hits the iguana but does no damage.
The iguana is moderately wounded.
The foxfire hits the iguana but does no damage.
The iguana is moderately wounded.
The iguana bites you. The scorpion closely misses you.
You conjure some foxfire!
The foxfire hits the scorpion.
The scorpion is heavily wounded.
The foxfire hits the scorpion.
The scorpion is severely wounded.
The scorpion stings you.
You are poisoned.
The scorpion poisons you! The iguana bites you!
* * * LOW HITPOINT WARNING * * *
As you read the scroll labelled JIRIEN MOTEETS, it crumbles to dust.
The scroll dissolves into smoke.
It was a scroll of fog.
* * * LOW HITPOINT WARNING * * *
You feel very sick.
The foxfire hits the iguana but does no damage.
The iguana is moderately wounded.
The foxfire hits the iguana.
The iguana is moderately wounded.
The scorpion barely misses you. The iguana bites you.
You die...

#.##........##.#.####.#
#.##.#########.#.# #.#
#(##.# #..#.####.# #.##.#
#......##.# #.##.#
#(.§.§.##.# #.#..#
#...§§.##.#
##.#.##########..§...(<#
#...........# #§§§...###
.....######.###§@§.#.#
#.#..# #.##§ls§...#
#..#.#### #.##.#.#.#.#
........# #.##.#<#.#.#
......#.###.##.#.#(#.#
#.##........)).....#.#######
#.##.######.####.###......).
..(..###.##.####.###.#
#.#.....#..........l.#


You could see a scorpion and an iguana.

Vanquished Creatures
  2 necrophages (D:4)
  An iguana (D:4)
  6 adders
  A howler monkey skeleton (D:4)
  4 dart slugs
  An orc (D:3)
  3 endoplasms
  3 giant cockroaches
  8 goblins
  9 hobgoblins
  4 jackals (D:3)
  5 kobolds
  A quokka (D:2)
  12 ball pythons
  4 bats
  4 frilled lizards
  3 rats
71 creatures vanquished.

Vanquished Creatures (collateral kills)
  A foxfire (D:2)
1 creature vanquished.

Vanquished Creatures (others)
  290 foxfires
290 creatures vanquished.

Grand Total: 362 creatures vanquished

Notes
Turn   | Place    | Note
-------+----------+-------------------------------------------
     0 | D:1      | Atelerd the Octopode Fire Elementalist began the quest for
                  | the Orb.
     0 | D:1      | Reached XP level 1. HP: 11/11 MP: 3/3
   557 | D:1      | Reached XP level 2. HP: 17/17 MP: 3/5
   684 | D:1      | You fall into a shaft and drop 1 floor!
  1017 | D:2      | Reached XP level 3. HP: 14/21 MP: 0/6
  1892 | D:2      | Reached XP level 4. HP: 24/27 MP: 8/8
  2005 | D:2      | Found a faded altar of an unknown god.
  2746 | D:3      | Found an ancient bone altar of Kikubaaqudgha.
  3320 | D:3      | Found a glowing golden altar of the Shining One.
  4147 | D:1      | Reached XP level 5. HP: 31/31 MP: 6/9
  4317 | D:4      | Found a staircase to the Ecumenical Temple.
  4325 | D:4      | Reached skill level 4 in Fire Magic
  4402 | Temple   | Entered the Ecumenical Temple
  4647 | Temple   | Became a worshipper of Sif Muna the Loreminder
  4936 | D:4      | Found Xoziczo's Armour Emporium.
  5088 | D:4      | Noticed a necrophage
  5100 | D:4      | Killed a necrophage
  5101 | D:4      | Reached XP level 6. HP: 35/36 MP: 4/11
  5223 | D:4      | Noticed a necrophage
  5231 | D:4      | Killed a necrophage
  5432 | D:4      | Slain by an iguana

Illustrated notes

Levels and vault maps discovered:
D:1:      dpeg_arrival_connections, layout_rooms
D:2:      minmay_recursive_quarters, layout_loops_corners,
          shapermc_ecumenical_altar_acropolis, lightli_corner_chamber
D:3:      layout_loops_ring, mainiacjoe_overflow_surrounded_room,
          old_standard_altar
D:4:      layout_loops_ring, minmay_temple_entry_purple_smoke, serial_shops,
          nicolae_shop_crystal
Temple:   dpeg_five_rooms_temple

Skill      XL: |  1  2  3  4  5 |
---------------+----------------+-----
Conjurations   | 2 3 |  3.7
Spellcasting   | 3 |  3.9
Fire Magic     | 4 |  4.7
Dodging        | |  2.0
Stealth        | |  2.6

Action                   |  1- 3 |  4- 6 || total
-------------------------+-------+-------++-------
Melee: Short sword       |    30 |    26 ||    56
       Constrict         |     8 |     7 ||    15
       Tentacles         |     3 |     5 ||     8
       Unarmed           |     1 |       ||     1
 Cast: Foxfire           |    53 |   133 ||   186
  Use: Scroll            |       |     1 ||     1
 Stab: Sleeping          |     4 |     3 ||     7
Armor: Skin              |     2 |     2 ||     4
Dodge: Dodged            |    28 |    44 ||    72
